 Dungeon Crawl Stone Soup version 0.27-a0-1196-g3e9cee4cb2 (webtiles) character file.

Game seed: 1963968583233653944

465 HoaS the Spear-Bearer (level 7, 0/41 HPs)
             Began as a Tengu Berserker on May 27, 2021.
             Was a Believer of Trog.
             Slain by a kobold brigand
             ... wielding a +0 dagger
              (2 damage)
             ... in a sewer.
             The game lasted 00:05:56 (3437 turns).

HoaS the Spear-Bearer (Tengu Berserker)             Turns: 3437, Time: 00:05:56

Health: 0/41       AC:  6    Str: 20    XL:     7   Next: 8%
Magic:  8/8        EV: 12    Int:  7    God:    Trog [**....]
Gold:   724        SH:  0    Dex: 13    Spells: 6/6 levels left

rFire    . . .     SeeInvis .   a - +1 spear
rCold    . . .     Faith    .   (no shield)
rNeg     . . .     Spirit   .   g - +0 scale mail
rPois    .         Reflect  .   (helmet restricted)
rElec    .         Harm     .   (no cloak)
rCorr    .         Rampage  .   (no gloves)
Will     .....                  (boots unavailable)
Stlth    ..........             (no amulet)
HPRegen  0.13/turn              (no ring)
MPRegen  0.11/turn              (no ring)

@: lethally poisoned (0 -> -3), flying quickly and evasively, slowed, very slow
A: beak, talons 3, nimble flight
a: Renounce Religion, Berserk, Trog's Hand


You were in a sewer.
You worshipped Trog.
Trog was pleased with you.
You visited 1 branch of the dungeon, and saw 3 of its levels.
You also visited: Sewer.

You collected 724 gold pieces.

Inventory:

Hand Weapons
 a - a +1 spear (weapon)
Missiles
 d - 3 curare-tipped darts
Armour
 g - a +0 scale mail (worn)
Wands
 b - a wand of digging (3)
Scrolls
 e - a scroll of amnesia {unknown}
 h - a scroll of blinking {unknown}
Potions
 c - 2 potions of heal wounds {unknown}
 f - 2 potions of berserk rage {unknown}


   Skills:
 - Level 3.0 Fighting
 * Level 8.5 Polearms
 - Level 2.1 Armour
 - Level 2.1 Dodging


You had 6 spell levels left.
You didn't know any spells.
Your spell library was empty.

Dungeon Overview and Level Annotations

Branches:
Dungeon (3/15)              Sewer (1/1)

Altars:


Innate Abilities, Weirdness & Mutations

You have a beak for a mouth.
You have claws for feet.
Your magical nature lets you fly swiftly and evasively.


Message History

You are no longer poisoned.
You start resting.
A kobold brigand is nearby!
You miss the kobold brigand. Your kick misses the kobold brigand.
The kobold brigand hits you but does no damage.
You hit the kobold brigand. You peck the kobold brigand.
The kobold brigand is heavily wounded.
You feel yourself speed up.
The kobold brigand hits you with a +0 dagger.
The kobold brigand throws a curare-tipped dart.
The curare-tipped dart hits you.
You are poisoned.
You have difficulty breathing.
You feel yourself slow down.
Reach: a) +1 spear
Press: ? - help, Dir - move target, f - kobold brigand
Aim: a kobold brigand, wielding a +0 dagger and quivering curare-tipped darts (heavily wounded, about 40% to evade your +1 spear)
You reach to attack!
You hit the kobold brigand.
The kobold brigand is severely wounded.
You feel very sick.
You hit the kobold brigand.
The kobold brigand is severely wounded.
You feel sick.
You hit the kobold brigand but do no damage.
The kobold brigand is severely wounded.
You feel sick.
The kobold brigand hits you with a +0 dagger.
* * * LOW HITPOINT WARNING * * *
You hit the kobold brigand but do no damage.
You claw the kobold brigand.
The kobold brigand is almost dead.
You feel sick.
The kobold brigand hits you with a +0 dagger.
* * * LOW HITPOINT WARNING * * *
Your scale mail prevents you from hitting the kobold brigand.
Your kick misses the kobold brigand.
The kobold brigand is almost dead.
* * * LOW HITPOINT WARNING * * *
You feel sick.
The kobold brigand hits you with a +0 dagger.
You die...

###.....≈≈≈.####..≈
##≈.≈.≈≈.≈≈≈≈..#####
#≈≈≈.≈#####..≈..#
#.≈.≈## ##≈.≈.#
#.≈.## ##...# #≈≈≈#
#.≈.# #..≈# #.≈.#
##.≈≈## ##≈≈≈##
#≈≈K@≈# #≈.≈≈≈#
#≈###≈# #≈###≈# #≈#
#≈# #≈# #.# #≈###÷##
##≈###.## ≈≈≈#≈)≈#
#.≈≈#.)≈# ≈#≈#≈#≈#
#≈#≈#≈#≈# #≈ ≈#≈#≈#
#≈#≈#≈#≈# #≈ ≈#≈#≈#
#≈#≈#≈#≈# #? K#.#.#
#.#.#.#.#


You could see a kobold brigand.

Vanquished Creatures
  4 kobold brigands (Sewer)
  Natasha (thrice) (D:2)
  4 adders
  A river rat (Sewer)
  4 worms
  A dart slug (D:1)
  4 endoplasms
  4 giant cockroaches (D:3)
  8 goblins
  3 hobgoblins
  2 jackals (D:2)
  5 quokkas
  6 ball pythons
  A bat (D:2)
  A frilled lizard (D:3)
  5 kobolds
  10 rats
66 creatures vanquished.

Notes
Turn   | Place    | Note
-------+----------+-------------------------------------------
     0 | D:1      | HoaS the Tengu Berserker began the quest for the Orb.
     0 | D:1      | Reached XP level 1. HP: 14/14 MP: 2/2
   186 | D:1      | Reached XP level 2. HP: 19/19 MP: 3/3
   255 | D:1      | Reached skill level 4 in Polearms
   673 | D:1      | Reached ** piety under Trog
   674 | D:1      | Reached XP level 3. HP: 23/23 MP: 4/4
  1170 | D:2      | Reached skill level 5 in Polearms
  1216 | D:2      | Identified a scroll of acquirement
  1216 | D:2      | Acquired 635 gold pieces
  1223 | D:2      | Noticed Natasha
  1232 | D:2      | Killed Natasha
  1233 | D:2      | Reached XP level 4. HP: 9/28 MP: 5/5
  1241 | D:2      | Noticed Natasha
  1245 | D:2      | Killed Natasha
  1596 | D:2      | Found a faded altar of an unknown god.
  1779 | D:2      | Noticed Natasha
  1784 | D:2      | Killed Natasha
  1785 | D:2      | Reached skill level 6 in Polearms
  1785 | D:2      | Gained mutation: Your magical nature lets you fly swiftly
                  | and evasively. [Tengu growth]
  1785 | D:2      | Reached XP level 5. HP: 23/32 MP: 6/6
  2226 | D:3      | Found a glowing drain.
  2243 | Sewer    | Entered a sewer
  2367 | Sewer    | Noticed a kobold brigand
  2389 | Sewer    | Killed a kobold brigand
  2390 | Sewer    | Reached skill level 7 in Polearms
  2390 | Sewer    | Reached XP level 6. HP: 7/37 MP: 7/7
  3142 | Sewer    | Reached skill level 8 in Polearms
  3203 | Sewer    | Reached XP level 7. HP: 13/41 MP: 8/8
  3437 | Sewer    | HP: 2/41 [poisoned by kobold brigand (curare-tipped dart)]
  3437 | Sewer    | Slain by a kobold brigand

Illustrated notes

Levels and vault maps discovered:
D:1:      onia_arrival_handbag, layout_loops_cross
D:2:      layout_basic, ebering_ecumenical_altar_hall, uniq_natasha
D:3:      layout_loops_ring, gup_sewer_entry_pipe
Sewer:    sewer_co_tree

Skill      XL: |  1  2  3  4  5  6 |
---------------+-------------------+-----
Polearms       | 4 5 6 7 8 |  8.5
Fighting       | |  3.0
Armour         | |  2.1
Dodging        | |  2.1

Action                   |  1- 3 |  4- 6 |  7- 9 || total
-------------------------+-------+-------+-------++-------
Melee: Spear             |    74 |   127 |     7 ||   208
       Kick              |    14 |    29 |     1 ||    44
       Peck              |     6 |    24 |     1 ||    31
Invok: Berserk           |       |     2 |       ||     2
  Use: Scroll            |     4 |       |       ||     4
       Potion            |       |     1 |       ||     1
 Stab: Sleeping          |     2 |       |       ||     2
Armor: Animal skin       |     2 |       |       ||     2
       Ring mail         |     1 |     1 |       ||     2
       Scale mail        |       |    23 |     1 ||    24
Dodge: Dodged            |    14 |    34 |       ||    48

Table legend: (Time is in decaauts)
 A = Elapsed time spent in this place.
 B = Non-inter-level travel time spent in this place.
 C = Inter-level travel time spent in this place.
 D = Time resting spent in this place.
 E = Time spent auto-exploring this place.
 F = Levels seen in this place.
 G = Mean time per level.
                   A        B        C        D        E       F      G
               +--------+--------+--------+--------+--------+-----+--------+
         Total |   3369 |   3300 |     69 |   1520 |   1348 |   4 |  842.2 |
       Dungeon |   2210 |   2141 |     69 |    704 |   1160 |   3 |  736.7 |
         Sewer |   1158 |   1158 |      0 |    816 |    188 |   1 | 1158.0 |
               +--------+--------+--------+--------+--------+-----+--------+

Top non-repeatable levels by time:
     D:2: 1164 daAuts
   Sewer: 1158 daAuts
     D:1: 809 daAuts
     D:3: 236 daAuts
